 Dungeon Crawl Stone Soup version 0.27-a0-1358-ga0a28fc8c3 (webtiles) character file.

Game seed: 4927146333327932610

9263 Delamore the Covert (level 11, -1/71 HPs)
             Began as an Octopode Brigand on June 28, 2021.
             Was an Initiate of Gozag.
             Slain by a boulder beetle (18 damage)
             ... on level 11 of the Dungeon.
             The game lasted 00:18:13 (19218 turns).

Delamore the Covert (Octopode Brigand)             Turns: 19218, Time: 00:18:14

Health: -1/71      AC:  1    Str: 11    XL:     11   Next: 43%
Magic:  11/11      EV: 22    Int: 14    God:    Gozag
Gold:   324        SH:  0    Dex: 16    Spells: 10/10 levels left

rFire    . . .     SeeInvis .   g - +0 dagger (drain)
rCold    . . .     Faith    .   (no shield)
rNeg     . . .     Spirit   .   (helmet restricted)
rPois    +         Reflect  .   (no amulet)
rElec    .         Harm     .   s - ring of poison resistance
rCorr    .         Rampage  .   x - +4 ring of evasion
Will     .....                  (no ring)
Stlth    ++++++....             (no ring)
HPRegen  0.21/turn              (no ring)
MPRegen  0.12/turn              (no ring)
                                (no ring)
                                (no ring)

@: no status effects
A: almost no armour, amphibious, 8 rings, camouflage 1, gelatinous body 1,
(nimble swimmer 1), tentacles
a: Renounce Religion, Potion Petition, Call Merchant, Bribe Branch


You were on level 11 of the Dungeon.
You worshipped Gozag.
Gozag was aware of your devotion.
You visited 2 branches of the dungeon, and saw 12 of its levels.
You also visited: Sewer and Bailey.

You collected 3052 gold pieces.
You spent 360 gold pieces at shops.
You paid 2368 gold pieces to Gozag.

Inventory:

Hand Weapons
 a - a +2 dagger
 g - a +0 dagger of draining (weapon)
 w - a +3 dagger
Missiles
 b - 19 poisoned darts
 t - 58 boomerangs
 B - a curare-tipped dart (quivered)
Jewellery
 s - a ring of poison resistance (left tentacle)
 x - a +4 ring of evasion (right tentacle)
 z - a ring of ice
 A - a ring of fire
Wands
 e - a wand of charming (12)
 h - a wand of acid (4)
 i - a wand of flame (10)
Scrolls
 c - a scroll of noise {unknown}
 d - a scroll of enchant weapon
 j - 2 scrolls of fog
 q - a scroll of blinking
 y - a scroll of identify
Potions
 f - a potion of degeneration
 k - 2 potions of curing
 l - 2 potions of brilliance
 m - a potion of mutation
 o - 2 potions of attraction
 p - 4 potions of flight
 r - a potion of heal wounds
 u - a potion of lignification {unknown}
 v - a potion of resistance {unknown}
 C - a potion of experience {unknown}


   Skills:
 - Level 5.0 Fighting
 - Level 10.0 Short Blades
 - Level 6.0 Throwing
 - Level 10.0 Dodging
 + Level 11.1 Stealth
 + Level 4.1 Evocations


You had 10 spell levels left.
You didn't know any spells.
Your spell library contained the following spells:

 Spells                   Type           Power      Damage    Failure   Level
 Beastly Appendage        Tmut           0%         N/A       28%         1
 Freeze                   Ice            0%         1d3       28%         1
 Shock                    Conj/Air       0%         1d3       28%         1
 Static Discharge         Conj/Air       0%         N/A       41%         2
 Wereblood                Tmut           0%         N/A       41%         2
 Confusing Touch          Hex            0%         N/A       65%         3
 Frozen Ramparts          Ice            0%         1d2       65%         3
 Gell's Gravitas          Tloc           0%         N/A       65%         3
 Ozocubu's Armour         Ice            0%         N/A       65%         3
 Spider Form              Tmut/Pois      0%         N/A       65%         3
 Swiftness                Air            0%         N/A       65%         3
 Airstrike                Air            0%         N/A       96%         4
 Hailstorm                Conj/Ice       0%         3d3       96%         4
 Ice Form                 Ice/Tmut       0%         N/A       96%         4
 Petrify                  Tmut/Erth      0%         N/A       96%         4
 Lightning Bolt           Conj/Air       0%         1d11      100%        5
 Metabolic Englaciation   Hex/Ice        0%         N/A       100%        5
 Yara's Violent Unravell  Hex/Tmut       0%         3d3       100%        5


Dungeon Overview and Level Annotations

Branches:
Dungeon (11/15)            Temple (1/1) D:6            Lair (0/6) D:11
    Orc (0/2) D:9           Sewer (visited)          Bailey (visited)

Altars:
Ashenzari
Cheibriados
Dithmenos
Elyvilon
Fedhas
Gozag
Hepliaklqana
Kikubaaqudgha
Makhleb
Nemelex Xobeh
Okawaru
Qazlal
Ru
Sif Muna
Trog
Uskayaw
Vehumet
Xom
Yredelemnul
Zin
Beogh

Shops:
D:6 =   D:9 (   D:10 =

Annotations:
D:4 1 runed translucent door
D:10 1 runed translucent door, BlueGoblin's ghost, journeyman FoFi


Innate Abilities, Weirdness & Mutations

You cannot wear most types of armour.
You are amphibious.
You can wear up to eight rings at the same time.
Your skin changes colour to match your surroundings (Stealth+).
Your rubbery body absorbs attacks. (AC +1, EV +1)
((You are camouflaged near water. (Stealth+)))
You have tentacles for arms and can constrict up to eight enemies at once.


Message History

Press: ? - help, Shift-Dir - straight line, f/p - boulder beetle
Aim: a boulder beetle (heavily wounded, covered in acid, 100% to hit)
The bolt of acid hits the boulder beetle!
The boulder beetle is splashed with acid.
The boulder beetle seems to be corroded for longer.
The boulder beetle is severely wounded.
The boulder beetle leaps!
The boulder beetle bites you!
You hit the boulder beetle but do no damage.
You drain the boulder beetle. You squeeze the boulder beetle.
The boulder beetle is almost dead.
You hit the boulder beetle but do no damage.
The boulder beetle is almost dead.
The boulder beetle barely misses you.
You hit the boulder beetle but do no damage.
The boulder beetle is almost dead.
You hit the boulder beetle but do no damage.
Your squeeze misses the boulder beetle.
The boulder beetle is almost dead.
The boulder beetle bites you!!
* * * LOW HITPOINT WARNING * * *
You hit the boulder beetle but do no damage.
You squeeze the boulder beetle, but do no damage.
The boulder beetle is almost dead.
You hit the boulder beetle but do no damage.
You drain the boulder beetle.
You squeeze the boulder beetle, but do no damage.
The boulder beetle is almost dead.
The boulder beetle bites you!
* * * LOW HITPOINT WARNING * * *
You feel much better. The boulder beetle bites you!
* * * LOW HITPOINT WARNING * * *
You hit the boulder beetle. You drain the boulder beetle.
The boulder beetle is almost dead.
You hit the boulder beetle but do no damage.
You drain the boulder beetle. You squeeze the boulder beetle.
The boulder beetle is almost dead.
The boulder beetle bites you!!
You die...
Your body crumbles into a pile of gold.

................# #...# #
................# #...########
................# #........<.[
................######...........
.........................###..###
................###......# #..#
.............#...≈...#...# #..#
............#..#B..#..#..###..###
............#.##@..##.#..........
.####..###..#$...P....#......####
.# #..# #..#≈...>P..≈#####..# #
.# #..# #..#....P....# #..# # .#
#..# #..#.##...##.# #..####
.####..###..#..#...#..#####......
.............#...≈...#...........
........####....###..............
######..# #............######..#


You could see a boulder beetle (corroded, drained).

Vanquished Creatures
  A two-headed ogre (D:11)
  2 orc knights (Bailey)
  Pikel (D:4)
  A manticore (D:11)
  A komodo dragon (D:10)
  3 trolls
  A hornet (D:8)
  The ghost of Thargor the Magician, an amateur DjFE (D:4)
  Sigmund (D:3)
  A vampire (D:10)
  6 yaks (D:8)
  2 acid dragons
  A water moccasin (D:6)
  14 orc warriors
  2 necrophages
  An ogre (D:6)
  2 centaurs
  A phantom (D:5)
  4 bullfrogs
  2 scorpions
  A wyvern zombie (D:8)
  7 killer bees (D:8)
  3 howler monkeys
  3 centaur zombies
  A jelly (D:7)
  12 orc priests
  2 gnoll shamans
  2 hounds (D:5)
  A bullfrog skeleton (D:6)
  Jessica (D:2)
  Terence (D:1)
  2 iguanas
  6 orc wizards
  A howler monkey zombie (D:9)
  Robin (D:2)
  13 gnolls
  13 adders
  A howler monkey skeleton (D:5)
  A river rat (D:4)
  A shadow imp (D:5)
  3 white imps
  An ufetubus (D:5)
  An adder skeleton (D:5)
  2 worms (D:4)
  5 dart slugs
  43 orcs
  19 endoplasms
  16 giant cockroaches
  22 goblins
  11 hobgoblins
  9 jackals
  20 quokkas
  18 ball pythons
  8 bats
  16 frilled lizards
  16 kobolds
  5 rats
336 creatures vanquished.

Vanquished Creatures (collateral kills)
  An acid dragon (D:10)
1 creature vanquished.

Vanquished Creatures (others)
  A centaur (D:11)
  9 plants (D:11)
10 creatures vanquished.

Grand Total: 347 creatures vanquished

Notes
Turn   | Place    | Note
-------+----------+-------------------------------------------
     0 | D:1      | Delamore the Octopode Brigand began the quest for the Orb.
     0 | D:1      | Reached XP level 1. HP: 14/14 MP: 1/1
   138 | D:1      | Reached XP level 2. HP: 19/19 MP: 2/2
   192 | D:1      | Found a faded altar of an unknown god.
   297 | D:1      | Reached skill level 6 in Stealth
   374 | D:1      | Reached XP level 3. HP: 25/25 MP: 3/3
   819 | D:2      | Reached XP level 4. HP: 30/30 MP: 4/4
  1298 | D:2      | Noticed Jessica
  1305 | D:2      | Killed Jessica
  1306 | D:2      | Reached skill level 7 in Stealth
  1380 | D:2      | Noticed Terence
  1396 | D:1      | Killed Terence
  1397 | D:1      | Reached XP level 5. HP: 9/36 MP: 5/5
  1642 | D:2      | Found a bloodstained altar of Trog.
  1642 | D:2      | Noticed Robin
  2036 | D:2      | Killed Robin
  3324 | D:3      | Noticed Sigmund
  3329 | D:3      | Killed Sigmund
  3330 | D:3      | Reached skill level 8 in Stealth
  3330 | D:3      | Reached XP level 6. HP: 43/43 MP: 6/6
  3603 | D:4      | Found a runed translucent door.
  3606 | D:4      | Noticed Thargor's ghost (amateur DjFE)
  3635 | D:4      | Found a glowing drain.
  3636 | D:4      | Noticed Pikel
  3649 | D:4      | HP: 2/43 [Pikel (3)]
  3670 | D:4      | Killed Pikel
  3671 | D:4      | Reached skill level 5 in Fighting
  3671 | D:4      | Reached skill level 10 in Stealth
  3671 | D:4      | Reached XP level 7. HP: 8/50 MP: 7/7
  3671 | D:4      | Reached XP level 8. HP: 9/55 MP: 8/8
  3686 | D:4      | Found a runed translucent door.
  3806 | Sewer    | Entered a sewer
  3812 | Sewer    | Reached skill level 5 in Short Blades
  4684 | D:4      | Identified the +5 chain mail "Icwin" {rElec rPois Slay+3
                  | Stlth-}
  4728 | D:4      | HP: 1/55 [Thargor's ghost/blast of sand (8)]
  5341 | D:4      | Found a large runed translucent door.
  5344 | D:4      | Found a large runed translucent door.
  5548 | D:4      | Found a shadowy altar of Dithmenos.
  5550 | D:5      | Entered Level 5 of the Dungeon
  5712 | D:5      | Found a white marble altar of Elyvilon.
  6528 | D:5      | Identified a scroll of acquirement
  6528 | D:5      | Acquired 980 gold pieces
  6907 | D:6      | Reached XP level 9. HP: 58/61 MP: 9/9
  7092 | D:6      | Found a blossoming altar of Fedhas.
  7286 | D:6      | Found a staircase to the Ecumenical Temple.
  7291 | Temple   | Entered the Ecumenical Temple
  7351 | Temple   | Became a worshipper of Gozag Ym Sagoz the Greedy
  7365 | D:6      | Bought a +4 ring of evasion for 360 gold pieces
  8020 | D:4      | Killed Thargor's ghost
  8389 | D:4      | Found a sparkling altar of Nemelex Xobeh.
  8398 | D:4      | Found a stormy altar of Qazlal.
  9850 | D:7      | Found a shimmering altar of Xom.
 10480 | D:8      | Reached skill level 10 in Short Blades
 10485 | D:8      | Reached XP level 10. HP: 34/66 MP: 10/10
 10492 | D:8      | Reached skill level 5 in Throwing
 10672 | D:8      | Paralysed by a hornet for 1 turns
 10681 | D:8      | Reached skill level 5 in Dodging
 12356 | D:9      | Found a staircase to the Orcish Mines.
 12400 | D:9      | HP: 3/66 [orc warrior (14)]
 14289 | D:10     | Entered Level 10 of the Dungeon
 14369 | D:10     | Found a runed translucent door.
 14369 | D:10     | Noticed BlueGoblin's ghost (journeyman FoFi)
 14465 | D:10     | Found a radiant altar of Vehumet.
 14655 | D:10     | Found a basalt altar of Yredelemnul.
 15490 | D:11     | Found a flagged portal.
 15508 | D:11     | Found a staircase to the Lair.
 15508 | D:11     | Noticed a five-headed hydra
 15518 | Bailey   | Entered a bailey
 15597 | Bailey   | Noticed an orc knight
 15640 | Bailey   | Noticed an orc knight
 15694 | Bailey   | Killed an orc knight
 15695 | Bailey   | Reached XP level 11. HP: 37/71 MP: 11/11
 15729 | Bailey   | Killed an orc knight
 15730 | Bailey   | Reached skill level 10 in Dodging
 15730 | Bailey   | Reached skill level 1 in Evocations
 17832 | D:11     | Noticed a two-headed ogre
 17857 | D:11     | Killed a two-headed ogre
 18203 | D:11     | Noticed a boulder beetle
 18536 | D:11     | Noticed a manticore
 18566 | D:11     | Killed a manticore
 18925 | D:11     | Reached skill level 11 in Stealth
 19218 | D:11     | Slain by a boulder beetle

Illustrated notes

Levels and vault maps discovered:
D:1:      dpeg_arrival_round_a, layout_basic, hellmonk_ecumenical_altar_run_dry,
          chequers_serial_rivers_micro_c, hex_intersection
D:2:      layout_basic, basic_altar, uniq_robin, uniq_jessica, uniq_terence
D:3:      layout_basic, uniq_sigmund
D:4:      layout_loops_ring, jmf_multi_god_temple2, lemuel_crystal_altar,
          ebering_ghost_sewer_f, gup_sewer_entry_glass, uniq_pikel
D:5:      layout_loops_corners, elyvilon_altar_1
D:6:      layout_cave_pods, kennysheep_mini_moat, minmay_temple_entry_nine_rooms
D:7:      layout_basic, tgw_xom, kennysheep_minor_cross
D:8:      layout_loops_corners, grunt_ministairs_15
D:9:      layout_roguey, david_orc_5, minmay_misc_feat_nine_boxes,
          hangedman_decor_lopped
D:10:     layout_roguey, nicolae_overflow_hidden_temple,
          yredelemnul_altar_generic, hellmonk_ghost_happy_afterlife,
          moated_statue, dk_vineyard_1
D:11:     layout_small_grid, dpeg_oklobed_lair, enter_bailey_5, serial_glass,
          glass_columns_a, glass_columns_a, item_on_display_a,
          item_on_display_a, feat_on_display, item_on_display_a,
          grunt_ministairs_1, lemuel_flame_loot_1
Temple:   nicolae_temple_great_sept

Skill      XL: |  1  2  3  4  5  6  7  8  9 10 11 |
---------------+----------------------------------+-----
Stealth        | 6 7 8 10 11 | 11.1
Fighting       | 3 5 |  5.0
Short Blades   | 3 4 8 10 | 10.0
Dodging        | 4 9 10 | 10.0
Throwing       | 4 6 |  6.0
Evocations     | 4 |  4.1

Action                   |  1- 3 |  4- 6 |  7- 9 | 10-12 || total
-------------------------+-------+-------+-------+-------++-------
Melee: Dagger            |    53 |   109 |   381 |   509 ||  1052
       Constrict         |     9 |    30 |    53 |    61 ||   153
       Tentacles         |     4 |    18 |    73 |   116 ||   211
Throw: Dart              |       |     4 |       |    58 ||    62
       Boomerang         |       |       |       |    27 ||    27
Invok: Call Merchant     |       |       |     1 |     2 ||     3
Evoke: Wand              |       |     1 |     9 |    18 ||    28
  Use: Scroll            |     3 |     3 |     9 |     8 ||    23
       Potion            |       |     1 |     3 |     3 ||     7
 Stab: Sleeping          |    14 |    11 |    49 |    13 ||    87
       Distracted        |       |       |     1 |     3 ||     4
Armor: Skin              |     3 |     5 |    20 |    10 ||    38
Dodge: Dodged            |    31 |    68 |   158 |   399 ||   656

Table legend: (Time is in decaauts)
 A = Elapsed time spent in this place.
 B = Non-inter-level travel time spent in this place.
 C = Inter-level travel time spent in this place.
 D = Time resting spent in this place.
 E = Time spent auto-exploring this place.
 F = Levels seen in this place.
 G = Mean time per level.
                   A        B        C        D        E       F      G
               +--------+--------+--------+--------+--------+-----+--------+
         Total |  18806 |  18037 |    769 |   6431 |   9161 |  14 | 1343.3 |
       Dungeon |  17065 |  16314 |    751 |   5775 |   8529 |  11 | 1551.4 |
        Temple |     70 |     52 |     18 |      0 |     50 |   1 |   70.0 |
         Sewer |    812 |    812 |      0 |    340 |    250 |   1 |  812.0 |
        Bailey |    857 |    857 |      0 |    316 |    332 |   1 |  857.0 |
               +--------+--------+--------+--------+--------+-----+--------+

Top non-repeatable levels by time:
     D:8: 2627 daAuts
    D:10: 2344 daAuts
     D:4: 1762 daAuts
     D:7: 1670 daAuts
    D:11: 1587 daAuts
     D:5: 1447 daAuts
     D:1: 1287 daAuts
     D:2: 1170 daAuts
     D:9: 1151 daAuts
     D:3: 1054 daAuts
     D:6: 963 daAuts
  Bailey: 857 daAuts
   Sewer: 812 daAuts
  Temple: 70 daAuts
